cohdb
Replays
Latest Replays
All Replays
Popular Replays
Top Player Replays
Match Explorer
How It Works
Community
CoH3 Stats
Reddit
Sign in to upload your games and track your stats! →
Sign in with Steam
Match 42407429
Unlisted
Match 42407429
Overview
Messages
Build Orders
End
Scout Squad
Construct Barracks
Riflemen Squad
1⁄4-ton 4x4 Truck
Riflemen Squad
Riflemen Squad
Infantry Support Center
Construct Medical Station
Selects Heavy Weapons
Construct Weapon Support Center
Bazooka Squad
Grenade Package
M3 Armored Personnel Carrier
Selects Assault Carriers
Selects Exchangeable Parts
M3 Assault Carrier
Engineer Squad
M1 Mortar Team
Monsieur Nathan
fIghter
0
0
Comments
sign in to comment!
No comments posted yet!